 Dungeon Crawl Stone Soup version 0.29.0-11-gd7f09526c8 (webtiles) character file.

Game seed: 12253457411419445944

1486 RascalDebosk the Trooper (level 8, -3/62 HPs)
             Began as a Demonspawn Berserker on Sept 5, 2022.
             Was an Elder of Trog.
             Slain by a kobold brigand
             ... wielding a +0 club
              (7 damage)
             ... on level 5 of the Dungeon.
             The game lasted 00:40:47 (6178 turns).

RascalDebosk the Trooper (Demonspawn Berserker)     Turns: 6178, Time: 00:41:16

Health: -3/62      AC: 21    Str: 25    XL:     8   Next: 50%
Magic:  8/8        EV:  8    Int:  8    God:    Trog [****..]
Gold:   257        SH:  0    Dex: 14    Spells: 7/7 levels left

rFire   . . .      SeeInvis .   t - +2 flail (vorpal)
rCold   + . .      Faith    .   (no shield)
rNeg    . . .      Spirit   .   u - +0 plate armour
rPois   .          Reflect  .   (no helmet)
rElec   .          Harm     .   (no cloak)
rCorr   .          Rampage  .   B - +2 pair of gloves
Will    .....                   (no boots)
Stlth   ..........              (no amulet)
HPRegen 0.20/turn               j - ring of protection from cold
MPRegen 0.11/turn               q - +6 ring of strength

@: mighty, lethally poisoned (-3 -> -9), sanguine armoured, on berserk cooldown,
slowed, very slow
A: powered by pain 1, sanguine armour 1, demonic magic 1, weakness stinger 2
a: Renounce Religion, Berserk, Trog's Hand, Brothers in Arms


You were on level 5 of the Dungeon.
You worshipped Trog.
Trog was greatly pleased with you.
You visited 1 branch of the dungeon, and saw 5 of its levels.

You collected 257 gold pieces.

Inventory:

Hand Weapons
 a - a +0 hand axe
 t - a +2 vorpal flail (weapon)
 y - a +2 flail of protection
Missiles
 e - a throwing net
 n - 14 poisoned darts (quivered)
Armour
 u - a +0 plate armour (worn)
 B - a +2 pair of gloves (worn)
Jewellery
 j - a ring of protection from cold (left hand)
 q - a +6 ring of strength (right hand)
Wands
 b - a wand of light (10)
 r - a wand of polymorph (9)
Scrolls
 c - 2 scrolls of poison
 i - a scroll of fear
Potions
 h - 3 potions of curing
 p - a potion of mutation
 A - a potion of invisibility


   Skills:
 + Level 5.2 Fighting
 + Level 4.9 Axes
 + Level 3.8 Throwing
 + Level 4.2 Armour
 + Level 4.2 Dodging
 - Level 4.0 Evocations


You had 7 spell levels left.
You didn't know any spells.
Your spell library was empty.

Dungeon Overview and Level Annotations

Branches:
Dungeon (5/15)
 Temple: D:4-7

Altars:
Nemelex Xobeh
Qazlal

Shops:
D:3 :


Innate Abilities, Weirdness & Mutations

You sometimes gain a little power by taking damage.
When seriously injured, your blood forms armour. (AC +6)
Spells you cast may paralyse adjacent enemies.
You have a tail ending in a sharp stinger.


Message History

The kobold brigand hits you with a +0 club.
* * * LOW HITPOINT WARNING * * *
You thump the kobold!
You kill the kobold!
Trog accepts your kill. The kobold brigand barely misses you.
The kobold hits you but does no damage. The kobold barely misses you. x3
The kobold brigand hits you but does no damage.
The kobold closely misses you.
You sock the kobold!
You kill the kobold!
Trog accepts your kill.
The kobold brigand hits you but does no damage.
The kobold barely misses you.
The kobold hits you but does no damage. x2
The kobold closely misses you. The kobold hits you but does no damage.
The kobold brigand hits you but does no damage.
You sock the kobold!
You kill the kobold!
Trog accepts your kill. The kobold hits you but does no damage.
The kobold throws a poisoned dart.
The poisoned dart barely misses you.
The kobold brigand hits you but does no damage.
The kobold barely misses you.
You sock the kobold!
You kill the kobold!
Trog accepts your kill. The kobold hits you but does no damage.
The kobold throws a poisoned dart.
The poisoned dart hits you!
You are lethally poisoned!
The kobold brigand hits you but does no damage.
The kobold hits you but does no damage. The kobold brigand closely misses you.
The kobold hits you but does no damage. The kobold barely misses you.
You barely miss the kobold. You tail-slap the kobold.
You kill the kobold!
Trog accepts your kill.
* * * LOW HITPOINT WARNING * * *
You feel very sick. The kobold hits you but does no damage.
The kobold brigand hits you with a +0 club!
You die...

.#####....#.........##
##..###..#
....................####..##
#...
=#.#.....................##
##..
##♣#........!.).......#######
#.. #
#..........).)...###.....###..
#...............##.....)...###
######..<.......#..#...))#..##
##......[..#..#.._..#..#.
##....K@K.#..##...##..#. PP
#...##K)##...#...#...## . P♣
#####....##..##.##..### .. P.
###.......#...###...# ... P
##P...♣....##.......##
.P♣P##.♣..P#..######...'###
..#......#..# #≈§≈#..###
♣.♣..♣###..# #≈§≈#....#
..♣)).# #..# ###...'###.#


You could see a kobold brigand and 2 kobolds.

Vanquished Creatures
  Sigmund (D:3)
  Edmund (D:4)
  2 ice beasts (D:5)
  A black bear (D:5)
  2 ogres (D:5)
  2 scorpions
  A howler monkey (D:5)
  A jelly (D:5)
  An orc priest (D:3)
  3 hounds
  Jessica (D:3)
  3 orc wizards
  16 gnolls
  8 adders
  A white imp (D:5)
  An ufetubus (D:5)
  2 worms
  4 dart slugs
  10 orcs
  8 ball pythons
  5 bats
  8 endoplasms
  4 giant cockroaches
  7 goblins
  8 hobgoblins
  4 jackals (D:2)
  7 quokkas
  4 frilled lizards
  20 kobolds
  4 rats
140 creatures vanquished.

Vanquished Creatures (others)
  10 plants (D:5)
10 creatures vanquished.

Grand Total: 150 creatures vanquished

Notes
Turn   | Place    | Note
-------+----------+-------------------------------------------
     0 | D:1      | RascalDebosk the Demonspawn Berserker began the quest for
                  | the Orb.
     0 | D:1      | Reached XP level 1. HP: 18/18 MP: 1/1
   524 | D:1      | Gained mutation: You sometimes gain a little power by
                  | taking damage. [demonic ancestry]
   524 | D:1      | Reached XP level 2. HP: 24/24 MP: 2/2
   612 | D:1      | Found a faded altar of an unknown god.
  1041 | D:2      | Gained mutation: You have a small tail. [demonic ancestry]
  1041 | D:2      | Reached XP level 3. HP: 12/29 MP: 3/3
  1296 | D:2      | Reached skill level 1 in Throwing
  1410 | D:2      | Reached skill level 1 in Evocations
  1506 | D:2      | Reached ** piety under Trog
  2060 | D:3      | Noticed Jessica
  2071 | D:3      | Killed Jessica
  2072 | D:3      | Gained mutation: You have a tail ending in a sharp stinger.
                  | [demonic ancestry]
  2072 | D:3      | Reached XP level 4. HP: 12/35 MP: 4/4
  2432 | D:3      | Noticed Sigmund
  2444 | D:3      | Killed Sigmund
  2445 | D:3      | Gained mutation: Spells you cast may paralyse adjacent
                  | enemies. [demonic ancestry]
  2445 | D:3      | Reached XP level 5. HP: 42/42 MP: 5/5
  2821 | D:3      | Reached XP level 6. HP: 47/48 MP: 6/6
  3050 | D:3      | Found Ulusot's Book Shoppe.
  3222 | D:4      | Reached skill level 4 in Fighting
  3356 | D:4      | Noticed Edmund
  3371 | D:4      | Killed Edmund
  3403 | D:4      | Reached *** piety under Trog
  3404 | D:4      | Reached XP level 7. HP: 44/54 MP: 7/7
  4031 | D:5      | Entered Level 5 of the Dungeon
  5089 | D:5      | Found a sparkling altar of Nemelex Xobeh.
  5116 | D:5      | Found a stormy altar of Qazlal.
  5400 | D:5      | Gained mutation: When seriously injured, your blood forms
                  | armour. (AC +6) [demonic ancestry]
  5400 | D:5      | Reached XP level 8. HP: 29/61 MP: 8/8
  5459 | D:5      | Reached skill level 5 in Fighting
  6136 | D:5      | Reached **** piety under Trog
  6178 | D:5      | Slain by a kobold brigand

Illustrated notes

Levels and vault maps discovered:
D:1:      dpeg_arrival_pits, layout_loops_ring,
          ebering_ecumenical_altar_sacrificial
D:2:      minmay_inner_zag, layout_basic
D:3:      layout_basic, serial_shops, nicolae_shop_behind_doors,
          lemuel_old_faithful, uniq_grinder, uniq_sigmund, uniq_jessica
D:4:      layout_basic, nicolae_ossuary_entry_monument, uniq_edmund
D:5:      kennysheep_kobold_camp, layout_layer_cave,
          mainiacjoe_overflow_two_lobes, minmay_misc_feat_encased,
          hangedman_minor_gate_pass

Skill      XL: |  1  2  3  4  5  6  7  8 |
---------------+-------------------------+-----
Armour         | 2 3 4 |  4.2
Dodging        | 2 3 4 |  4.2
Axes           | 3 4 |  4.9
Throwing       | 1 2 3 |  3.8
Evocations     | 1 2 3 4 |  4.0
Fighting       | 4 5 |  5.2

Action                   |  1- 3 |  4- 6 |  7- 9 || total
-------------------------+-------+-------+-------++-------
Melee: Hand axe          |   111 |    49 |       ||   160
       Punch             |     2 |       |     1 ||     3
       Tailslap          |     6 |    10 |    19 ||    35
       Unarmed           |       |     6 |       ||     6
       Flail             |       |    28 |   159 ||   187
Throw: Dart              |       |     2 |       ||     2
Invok: Berserk           |     2 |     3 |     3 ||     8
       Trog's Hand       |       |       |     2 ||     2
  Use: Scroll            |       |       |    14 ||    14
       Potion            |       |       |     2 ||     2
Armor: Animal skin       |     3 |       |       ||     3
       Ring mail         |    38 |    12 |       ||    50
       Plate armour      |       |    16 |   174 ||   190
Dodge: Dodged            |    96 |    39 |   115 ||   250
